[Event "Early-Titled-Tuesday-Blitz-April-02-2024"]
[Site "Chess.com"]
[Date "2024.04.02"]
[Round "10"]
[White "Likvidator228"]
[Black "Smiechu"]
[Result "1/2-1/2"]
[WhiteElo "2557"]
[BlackElo "2466"]
[TimeControl "180+1"]
[EndTime "9:57:23 PDT"]
[Termination "Game drawn by repetition"]

1. d4 Nf6 2. Bf4 c5 3. e3 g6 4. c3 b6 5. Nf3 Bb7 6. h3 Bg7 7. Nbd2 O-O 8. a4 a6 9. Be2 d6 10. O-O Nbd7 11. Qb3 Rc8 12. Bc4 h6 13. Rfe1 Ne4 14.
Nxe4 Bxe4 15. Bd5 Bxd5 16. Qxd5 Nf6 17. Qb3 c4 18. Qc2 Qd7 19. e4 e6 20. Bxd6 Qxd6 21. e5 Qc6 22. exf6 Bxf6 23. Ne5 Bxe5 24. Rxe5 Rcd8 25. a5 b5 26. f4 Rd5 27. Qe2 Qc7 28.
Qe4 Rxe5 29. fxe5 Rc8 30. Qf4 Qc6 31. Qxh6 b4 32. Rf1 bxc3 33. bxc3 Rb8 34. h4 Qe4 35. Qg5 Rb1 36. Rxb1 Qxb1+ 37. Kh2 Qd1 38. Qd8+ Kh7 39. Qc7 Kg7 40. Qxc4 Qe1 41. g3 Qf2+ 42. Kh3 Qf5+ 43. Kg2 Qc2+ 44. Kg1 Qc1+ 45. Kh2 Qc2+ 46. Kh3 Qf5+ 47. Kh2 Qc2+ 48. Kg1 Qc1+ 49. Kf2 Qd2+ 50. Kf3 Qd1+ 51. Qe2 Qh1+ 52. Ke3 Qc1+ 53. Kd3 Qb1+ 54.
Ke3 Qc1+ 55. Qd2 Qg1+ 56. Kf3 Qh1+ 57. Kg4 Qe4+ 58. Qf4 Qe2+ 59. Qf3 Qe1 60. h5 gxh5+ 61. Kxh5 Qc1 62. Kg4 Qe1 63. Qf6+ Kg8 64. Qf3 Kg7 65.
Kf4 Qc1+ 66. Kg4 Qe1 1/2-1/2

[Event "Early-Titled-Tuesday-Blitz-April-02-2024"]
[Site "Chess.com"]
[Date "2024.04.02"]
[Round "10"]
[White "Byniolus"]
[Black "superchess02"]
[Result "0-1"]
[WhiteElo "2788"]
[BlackElo "2870"]
[TimeControl "180+1"]
[EndTime "9:57:24 PDT"]
[Termination "superchess02 won by resignation"]

1. d4 Nf6 2. Nf3 d5 3. Bf4 c5 4. c3 Nc6 5. Nbd2 e6 6. e3 Be7 7. Bd3 Nh5 8. Be5 f6 9. Bg3 g6 10. Bh4 cxd4 11. cxd4 Bd7 12. O-O Qb6 13. Qb3 Qxb3 14.
Nxb3 g5 15. Bg3 Nxg3 16. hxg3 Nb4 17. Be2 Bd6 18. a3 Nc6 19. Rfc1 Ke7 20. Nc5 Rab8 21. Rc3 Rhc8 22. Rac1 Be8 23. Bd3 h6 24. b4 Nd8 25.
g4 h5 26. gxh5 Bxh5 27. Nd2 Be8 28. g3 Rc7 29. Nb1 f5 30. f4 g4 31. Kf2 Kf6 32.
Be2 Rh7 33. Kg2 Nf7 34. Rh1 Rxh1 35. Kxh1 Be7 36. Nd3 Bb5 37. Kg2 Rh8 38. Rc7 Nd6 39. Nc3 Bd8 40. Rc5 Bxd3 41. Bxd3 Bb6 42. Nxd5+ exd5 43. Rxd5 Ne4 44. a4 Rc8 45. a5 Bd8 46. Bxe4 fxe4 47. Re5 Rc2+ 48. Kf1 Be7 49. b5 Rb2 50. a6 b6 51. d5 Rxb5 52. Re6+ Kf7 53. Rxe4 Rxd5 54. Ke2 Ra5 55. Rc4 Rxa6 56. Rc7 Ra3 57. e4 Rxg3 58. e5 Rf3 0-1

[Event "Early-Titled-Tuesday-Blitz-April-02-2024"]
[Site "Chess.com"]
[Date "2024.04.02"]
[Round "10"]
[White "GP9isback23"]
[Black "KarolKacprzak"]
[Result "1/2-1/2"]
[WhiteElo "2625"]
[BlackElo "2737"]
[TimeControl "180+1"]
[EndTime "9:57:24 PDT"]
[Termination "Game drawn - insufficient material"]

1. d4 Nf6 2. Nf3 e6 3. c4 d5 4. e3 Be7 5. Bd3 O-O 6. O-O b6 7. b3 Bb7 8. Bb2 Nbd7 9. Nbd2 Ne4 10. Qc2 f5 11. Rac1 Bd6 12. a3 a5 13. Ne1 Bxh2+ 14. Kxh2 Qh4+ 15. Kg1 Rf6 16. Bxe4 fxe4 17. f4 Rh6 18. Ndf3 exf3 19. Nxf3 Qg3 20. Qf2 Qxf2+ 21. Kxf2 Nf6 22. cxd5 Ng4+ 23. Kg1 Nxe3 24. Rxc7 Nxf1 25. Rxb7 Ne3 26. d6 Rd8 27. Ne5 Nd5 28. Nf7 Rf8 29. d7 Rf6 30. d8=Q Rxd8 31. Nxd8 h5 32. Bc1 h4 33.
Nc6 Rg6 34. Ne5 Rg3 35. b4 axb4 36. axb4 h3 37. Rb8+ Kh7 38. Nf3 Rxg2+ 39. Kh1 Rf2 40. Ng1 Rf1 41. Bd2 Rf2 42. Bc1 h2 43. Nh3 Rf1+ 44.
Kxh2 Rxc1 45. Re8 Rc4 46. Rxe6 Nf6 47. Rxb6 Rxd4 48. b5 Rb4 49. Rb7 Kg6 50. Ng5 Kf5 51. Rxg7 Rxb5 52. Nh3 Rb2+ 53. Rg2 Rb3 54. Rg5+ Ke4 55.
Re5+ Kf3 56. Rg5 Ne4 57. Rg2 Rb5 58. Ng5+ Kxf4 59. Nxe4 Kxe4 60. Re2+ Kd3 61. Ra2 Kc3 62. Re2 Rb2 63. Rxb2 Kxb2 1/2-1/2

[Event "Early-Titled-Tuesday-Blitz-April-02-2024"]
[Site "Chess.com"]
[Date "2024.04.02"]
[Round "10"]
[White "MarceloPlaya"]
[Black "IshviAggarwal"]
[Result "1-0"]
[WhiteElo "2382"]
[BlackElo "2137"]
[TimeControl "180+1"]
[EndTime "9:57:25 PDT"]
[Termination "MarceloPlaya won by resignation"]

1. e4 e5 2. Nf3 Nc6 3. d4 exd4 4.
Bc4 Nf6 5. Ng5 Ne5 6. Bb3 d5 7.
exd5 Bb4+ 8. c3 dxc3 9. bxc3 Bc5 10. O-O O-O 11. Bf4 Bg4 12. Qd2 Ng6 13. h3 Nxf4 14. Qxf4 Bc8 15. Ne4 Nxe4 16. Qxe4 Qf6 17. Bc2 g6 18.
Qc4 Bd6 19. Nd2 Qe5 20. Nf3 Qf6 21. Nd2 b6 22. Ne4 Qf4 23. Nxd6 Qxd6 24. Rfe1 Bb7 25. Be4 Rad8 26. Rad1 Rfe8 27. Bf3 Rxe1+ 28. Rxe1 Bxd5 29.
Bxd5 Qxd5 30. Qxc7 Ra8 31. c4 Qd2 32. Re7 Rf8 33.
a4 Qd1+ 34. Kh2 Qxa4 35. h4 b5 36. c5 Qxh4+ 37. Kg1 b4 38. Qb7 b3 39. Re2 Rd8 40.
Qxb3 a5 41. c6 a4 42. Qc2 Rc8 43. Rd2 a3 44. c7 Qf4 45. Rd8+ Kg7 46. Rxc8 a2 47.
Qxa2 Qc1+ 48. Kh2 Qf4+ 49. g3 Qh6+ 50. Kg2 1-0

[Event "Early-Titled-Tuesday-Blitz-April-02-2024"]
[Site "Chess.com"]
[Date "2024.04.02"]
[Round "10"]
[White "Mops_2004"]
[Black "AlphaGoosee"]
[Result "1-0"]
[WhiteElo "2789"]
[BlackElo "2556"]
[TimeControl "180+1"]
[EndTime "9:57:27 PDT"]
[Termination "Mops_2004 won by checkmate"]

1. Nf3 d5 2. g3 Nf6 3. Bg2 c6 4. O-O Bg4 5. h3 Bh5 6. d4 Nbd7 7. c4 e6 8. cxd5 exd5 9. Nh4 Bg6 10. Nc3 Be7 11. f3 O-O 12. Nxg6 fxg6 13. e4 Nh5 14.
Ne2 Kh8 15. e5 g5 16. Be3 g6 17. Qd2 Ng7 18. f4 Nf5 19. fxg5 Nxe3 20. Rxf8+ Nxf8 21. Qxe3 Bxg5 22. Qf3 Ne6 23. h4 Bh6 24. Bh3 Qe7 25. Rf1 Rf8 26. Qg4 Be3+ 27. Kg2 Rxf1 28. Kxf1 Qf8+ 29. Ke1 Nxd4 30. e6 h5 31. e7 Qxe7 32.
Qc8+ Kg7 33. Nxd4 Bxd4+ 34. Be6 Bb6 35. Kd1 Bd8 36. Bd7 Kf6 37. Qxb7 Qd6 38. Bxc6 Qc7 39. Qa6 Qb6 40. Qxb6 Bxb6 41. Ke2 Bc7 42. Kf3 Be5 43. b4 Bc3 44. b5 d4 45. Be4 Kf7 46. Bd3 Kf6 47. a4 Kf7 48. Kf4 Kf6 49. Bc2 Bd2+ 50. Ke4 Be1 51. Kf3 Bc3 52. Be4 Bd2 53. Ke2 Bc3 54. Kd3 Be1 55. Kxd4 Bxg3 56. a5 Bxh4 57. Kd5 Be1 58. b6 axb6 59. a6 h4 60. a7 Kg5 61.
a8=Q Bg3 62. Qd8+ Kh5 63. Qe8 Bf4 64. Qxg6# 1-0

[Event "Early-Titled-Tuesday-Blitz-April-02-2024"]
[Site "Chess.com"]
[Date "2024.04.02"]
[Round "10"]
[White "ilqar_74"]
[Black "LornerAcosta"]
[Result "1/2-1/2"]
[WhiteElo "2802"]
[BlackElo "2633"]
[TimeControl "180+1"]
[EndTime "9:57:36 PDT"]
[Termination "Game drawn by repetition"]

1. e4 c5 2. Nf3 Nc6 3. d4 cxd4 4. Nxd4 Nf6 5. Nc3 e6 6. Nxc6 bxc6 7. Bd3 d5 8. O-O Be7 9. Qf3 O-O 10. Bg5 Nd7 11.
Bxe7 Qxe7 12. Rfe1 Qf6 13. Qh3 h6 14. Rad1 Rb8 15. Na4 e5 16. Qg3 d4 17. b3 c5 18. Nb2 Nb6 19. a4 Be6 20. a5 Nc8 21. Rf1 g5 22. Na4 c4 23. bxc4 Nd6 24. c5 Rb4 25.
cxd6 Rxa4 26. Ra1 Rxa1 27. Rxa1 Rd8 28. Rb1 Rxd6 29. Rb5 Rc6 30. Qxe5 Qxe5 31. Rxe5 Bc4 32. f3 Bxd3 33. cxd3 Rc3 34. Re7 Rxd3 35. Rxa7 Ra3 36.
h3 Kg7 37. a6 h5 38. Ra8 h4 39. a7 Ra1+ 40. Kf2 Ra2+ 41. Ke1 f6 42. Kd1 Kh7 43. Kc1 Kg7 44. Kb1 Ra6 45. Kc2 Ra2+ 46. Kd3 Ra4 47. Kd2 Ra3 48. Kc2 Ra4 49. Kd3 Kh7 50. Kc2 Kg7 51.
Kb3 Ra6 52. Kb4 d3 53. Kc3 Ra3+ 54. Kd2 Kh7 55. Ke3 Kg7 56. Kf2 Ra2+ 57. Ke3 Ra3 58. Kd2 Kh7 59. Rf8 Rxa7 60. Rxf6 Ra2+ 61. Kxd3 Rxg2 62.
Ke3 Rg3 63. e5 Rxh3 64. e6 Rh1 65. Ke2 Rh2+ 66. Ke1 Rh1+ 67. Kf2 Rh2+ 68. Kf1 Rh1+ 69. Ke2 Rh2+ 70. Kd3 Rh1 71. Kd2 Rh2+ 72. Kd1 Rh1+ 73.
Ke2 1/2-1/2

[Event "Early-Titled-Tuesday-Blitz-April-02-2024"]
[Site "Chess.com"]
[Date "2024.04.02"]
[Round "10"]
[White "PavelChernomordik"]
[Black "AlexanderKing"]
[Result "1-0"]
[WhiteElo "2446"]
[BlackElo "2590"]
[TimeControl "180+1"]
[EndTime "9:57:41 PDT"]
[Termination "PavelChernomordik won by checkmate"]

1. e4 e6 2. Nc3 d5 3. d4 Bb4 4. Ne2 Nc6 5. a3 Ba5 6. e5 f6 7. f4 Nh6 8. Be3 fxe5 9. fxe5 Ng4 10. Bg1 Qg5 11. Qd3 O-O 12. h3 Ngxe5 13. dxe5 Nxe5 14.
Qg3 Qf5 15. O-O-O Nc4 16. Bd4 e5 17. Nxd5 Kh8 18. Bc3 c6 19. Ne3 Nxe3 20. Qxe3 Bb6 21. Qxe5 Qg6 22. Nf4 Qh6 23. g3 Bf5 24. Rd6 Rae8 25.
Rxh6 Rxe5 26. Bxe5 Kg8 27. Rd6 Bc7 28. Bc4+ Kh8 29.
Rhd1 Bxd6 30. Bxd6 Re8 31. Kd2 g5 32. Nh5 Bxh3 33.
Re1 Rxe1 34. Kxe1 h6 35. Be5+ Kh7 36. g4 Bxg4 37. Nf6+ Kg6 38. Nxg4 Kf5 39. Nxh6+ Kxe5 40. Ke2 Kd4 41. b3 a5 42. Nf5+ Kc3 43. Bd3 Kb2 44. a4 Kc3 45. Nd6 b6 46. Nc4 b5 47. axb5 cxb5 48.
Nxa5 b4 49. Nc6 g4 50. Kf2 g3+ 51. Kxg3 Kb2 52. Nxb4 Kc3 53. Nc6 Kb2 54. b4 Kc3 55. b5 Kb2 56. b6 Ka3 57. b7 Ka4 58. b8=Q Ka3 59. Qb4+ Ka2 60. Bc4+ Ka1 61. Qa3+ Kb1 62.
Ba2+ Kxc2 63. Nd4+ Kd2 64. Kf3 Ke1 65. Qe3+ Kd1 66. Bb3# 1-0

[Event "Early-Titled-Tuesday-Blitz-April-02-2024"]
[Site "Chess.com"]
[Date "2024.04.02"]
[Round "10"]
[White "ljuks68"]
[Black "GMthekingindian"]
[Result "0-1"]
[WhiteElo "2399"]
[BlackElo "2246"]
[TimeControl "180+1"]
[EndTime "9:57:42 PDT"]
[Termination "GMthekingindian won on time"]

1. e4 c5 2. Nf3 d6 3. d4 cxd4 4. Nxd4 Nf6 5. Nc3 a6 6. Bg5 e6 7. f4 h6 8. Bxf6 Qxf6 9. Qd2 g5 10. f5 Nc6 11. Nxc6 bxc6 12. Bd3 Rb8 13. Rb1 Bg7 14.
O-O exf5 15. exf5 O-O 16. Kh1 d5 17. Na4 Re8 18. b3 Qd4 19. Qf2 Qxf2 20. Rxf2 Bd4 21.
Rff1 f6 22. Rbe1 Bb7 23. c3 Ba7 24. c4 Kf7 25. c5 Rxe1 26. Rxe1 Re8 27. Rxe8 Kxe8 28.
Kg1 a5 29. Kf2 Bc8 30. Ke3 Ke7 31. Kd4 Bb8 32. h3 Be5+ 33. Ke3 h5 34. Nb6 Bd7 35. Kd2 Bd4 36. Na4 Kd8 37. Ke2 Kc7 38. Kf3 Be8 39.
Kg3 Bg1 40. Be2 h4+ 41. Kf3 Bh5+ 42. g4 hxg3+ 43. Kg2 Bxe2 44. Kxg1 Bd3 45. Kg2 Bxf5 46. Kxg3 d4 47. Nb2 d3 48. Nc4 Be6 49. Nd2 f5 50. h4 f4+ 51. Kf3 gxh4 52. Kxf4 h3 53. Kg3 Kd7 54. Ne4 Bf5 55. Nd2 Ke6 56. a3 Ke5 57. b4 axb4 58. axb4 Kd5 59. Kh2 Kd4 60. Kg3 Kc3 61. b5 cxb5 62. Kf4 Bc8 63. Ne4+ Kc2 64. Nd6 Bd7 0-1

[Event "Early-Titled-Tuesday-Blitz-April-02-2024"]
[Site "Chess.com"]
[Date "2024.04.02"]
[Round "10"]
[White "SlavenPastar"]
[Black "FredddieCroderg"]
[Result "1-0"]
[WhiteElo "2550"]
[BlackElo "2369"]
[TimeControl "180+1"]
[EndTime "9:57:46 PDT"]
[Termination "SlavenPastar won on time"]

1. Nf3 Nf6 2. g3 d5 3. Bg2 c5 4. O-O Nc6 5. c4 d4 6. e3 e5 7. exd4 exd4 8. d3 Be7 9. Bf4 O-O 10. Ne5 Nxe5 11. Bxe5 Bd6 12. Bxf6 Qxf6 13. Nd2 Qd8 14. Ne4 Be7 15. Qh5 g6 16. Qe5 f6 17. Qf4 Be6 18. Rfe1 Qd7 19. Nxc5 Bxc5 20. Rxe6 Rae8 21.
Rae1 Rxe6 22. Rxe6 Kg7 23. Bd5 b5 24. h4 bxc4 25.
Bxc4 Bb6 26. b4 Bc7 27. Qe4 Be5 28. f4 Bd6 29. a3 Rf7 30. Qxd4 Bc7 31. Qxd7 Rxd7 32.
Kg2 Bb6 33. Kf3 Bd8 34. g4 Bb6 35. g5 fxg5 36. hxg5 h6 37. gxh6+ Kxh6 38. f5 Kg5 39. fxg6 Bd4 40. Ke4 Bf6 41. Ra6 Kxg6 42. Be6 Rd4+ 43. Ke3 Rd8 44. Bc4 Kf5 45. Kd2 Bd4 46. Kc2 Rh8 47. Kb3 Rh2 48. Ka4 Ra2 49. Kb5 Ra1 50.
Rd6 Be3 51. a4 Rb1 52. Rd5+ Kf4 53. Rd7 Bd2 54. Rxa7 Rxb4+ 55. Kc6 Ke3 56. a5 Kd4 57. a6 Be3 58. Rd7+ Kc3 59. Re7 Bd4 60. Rb7 Ra4 61.
Kd5 Ra5+ 62. Ke4 Re5+ 63. Kf4 Re8 64. Rb3+ Kd2 65. Rb7 Rf8+ 66. Ke4 Bc3 67. a7 Re8+ 68.
Kd5 Rd8+ 69. Kc6 Bd4 70. Rb8 1-0

[Event "Early-Titled-Tuesday-Blitz-April-02-2024"]
[Site "Chess.com"]
[Date "2024.04.02"]
[Round "10"]
[White "GMKrikor"]
[Black "Cheer_Down"]
[Result "1/2-1/2"]
[WhiteElo "2879"]
[BlackElo "2487"]
[TimeControl "180+1"]
[EndTime "9:58:00 PDT"]
[Termination "Game drawn by repetition"]

1. Nf3 d5 2. c4 e6 3. d4 Nf6 4. Nc3 Nbd7 5. cxd5 exd5 6. Bf4 Nb6 7. e3 c6 8. Bd3 Bd6 9. Bxd6 Qxd6 10. Qc2 O-O 11. O-O Be6 12. h3 Rac8 13. Rac1 c5 14. dxc5 Rxc5 15. Qe2 Rfc8 16. Nd4 Bd7 17. Rfd1 Qe5 18. Nf3 Qe7 19. Nd4 Qe5 20. Rc2 a6 21. Rcd2 g6 22. Nf3 Qe7 23. Nd4 Qe5 24. Qf3 Kg7 25. Qf4 Qxf4 26. exf4 Nc4 27. Bxc4 dxc4 28. Nf3 Bf5 29. Ne5 h5 30. a3 b5 31. f3 h4 32. Rd6 a5 33.
Rb6 Nh5 34. Rb7 R8c7 35. Rxc7 Rxc7 36. Nxb5 Rb7 37. Nd6 Rxb2 38. Nexc4 Ra2 39. Nxf5+ gxf5 40. Ne3 Kg6 41. Rd6+ f6 42. Nd5 Rxa3 43. Ne7+ Kf7 44. Nxf5 Ng3 45. Nxh4 Ne2+ 46. Kf2 Nxf4 47. Rd2 a4 48.
Nf5 Rc3 49. Nd6+ Kg6 50. Ne4 Rb3 51. Rd6 Nd3+ 52. Ke2 Nf4+ 53. Kf2 Nd3+ 54. Kg3 a3 55. Rxf6+ Kg7 56. Ra6 Nc1 57. Nc5 Rc3 58. Ne4 Rb3 59.
Nd2 Rd3 60. Nc4 a2 61. h4 Rb3 62. h5 Rb1 63. Ra7+ Kg8 64. h6 a1=Q 65. Rxa1 Rxa1 66. Kg4 Nd3 67. Ne3 Ra2 68. g3 Ne5+ 69. Kf4 Ng6+ 70. Kg5 Kh7 71. f4 Ra3 72. Nf5 Rf3 73. Kg4 Rf1 74.
Kg5 Rf3 75. Kg4 Rf1 76. Kg5 Rf3 1/2-1/2

[Event "Early-Titled-Tuesday-Blitz-April-02-2024"]
[Site "Chess.com"]
[Date "2024.04.02"]
[Round "10"]
[White "dosto07"]
[Black "manitodeplomo"]
[Result "1/2-1/2"]
[WhiteElo "2448"]
[BlackElo "2634"]
[TimeControl "180+1"]
[EndTime "9:58:00 PDT"]
[Termination "Game drawn - insufficient material"]

1. e4 e6 2. d4 d6 3. Nf3 g6 4. Nc3 Bg7 5. Bf4 h6 6. h4 a6 7. a4 b6 8. Qd2 Nd7 9. Bd3 Bb7 10. O-O Ngf6 11. Rfe1 Ng4 12. Bg3 Qe7 13. Qe2 e5 14. dxe5 Ndxe5 15. Nxe5 Nxe5 16. Nd5 Qd8 17. h5 O-O 18.
hxg6 fxg6 19. Bc4 Kh7 20. c3 h5 21. Nf4 Bc8 22. Ne6 Bxe6 23. Bxe6 Qg5 24. Qe3 Qxe3 25. Rxe3 Bh6 26. Ree1 Bf4 27. a5 Bxg3 28. fxg3 b5 29.
Rf1 Kg7 30. Bd5 c6 31. Bb3 Rxf1+ 32. Rxf1 Rf8 33. Rd1 Rf6 34. Rf1 Rxf1+ 35. Kxf1 Kf6 36. Ke2 Ke7 37. Ke3 g5 38. Kd4 Kf6 39. Bd1 h4 40. gxh4 gxh4 41. Bh5 Ke7 42. b4 Kf6 43. Ke3 Kg5 44. Be2 Nd7 45. c4 Ne5 46. cxb5 cxb5 47. Kd4 Kf4 48. Kd5 Ke3 49. Bf1 Kf2 50. Bxb5 axb5 51. a6 Nc4 52. Kc6 Kxg2 53. a7 h3 54.
a8=Q h2 55. Qg8+ Kf2 56. Qf7+ Kg1 57. Qg6+ Kf2 58. Qf5+ Kg2 59. Qg5+ Kf2 60. Qh4+ Kg2 61. Qg4+ Kf2 62. Qf4+ Kg2 63. Qg5+ Kf2 64. Qh4+ Kg2 65. Kxb5 Ne5 66. Ka6 h1=Q 67. Qxh1+ Kxh1 68. b5 Kg2 69. b6 Kf3 70. b7 Nd7 71. Kb5 Kxe4 72. Kc6 Nb8+ 73.
Kxd6 Kd4 74. Kc7 Na6+ 75. Kb6 Nb8 76. Kc7 Na6+ 77. Kc6 Kc4 78. Kb6 Nb8 79. Kc7 Na6+ 80. Kb6 Nb8 81. Kc7 Na6+ 82. Kc8 Kb5 83. b8=Q+ Nxb8 1/2-1/2

[Event "Early-Titled-Tuesday-Blitz-April-02-2024"]
[Site "Chess.com"]
[Date "2024.04.02"]
[Round "10"]
[White "ATM622"]
[Black "lefonghua"]
[Result "0-1"]
[WhiteElo "2512"]
[BlackElo "2618"]
[TimeControl "180+1"]
[EndTime "9:58:03 PDT"]
[Termination "lefonghua won by checkmate"]

1. d4 Nf6 2. c4 c5 3. d5 e6 4. Nc3 exd5 5. cxd5 d6 6. g3 g6 7.
Bg2 Bg7 8. Nf3 O-O 9. O-O a6 10. a4 Re8 11. Nd2 Nbd7 12. Nc4 Ne5 13. Nxe5 Rxe5 14. e4 Re8 15. Re1 Rb8 16. a5 b5 17.
axb6 Rxb6 18. h3 Nd7 19. Na4 Rb4 20. Bd2 Rb8 21. Qc2 h5 22. Rab1 h4 23. g4 a5 24.
Bc3 Bf6 25. Qd2 Rb4 26. Bxb4 axb4 27. b3 Bd4 28. Qf4 Qe7 29. Rbd1 g5 30. Qc1 Ne5 31. Rxd4 cxd4 32. Qd2 Qf6 33. Rc1 Bd7 34. Nb6 Bb5 35. Rd1 Rb8 36. Qxd4 Be2 37. Rd2 Bf3 38. Nd7 Nxd7 39.
Qxf6 Nxf6 40. Bxf3 Rc8 41. Kg2 Nd7 42. Rd4 Rb8 43.
Be2 Nc5 44. Bc4 f6 45. Rd1 Ra8 46. Kf3 Ra3 47. Rb1 Ra2 48. Ke3 Kf7 49. Rf1 Rb2 50. f4 gxf4+ 51. Rxf4 Kg6 52. Rf1 Nxb3 53. Rd1 Nc5 54. Rg1 Rh2 55. Kd4 Rxh3 56. g5 fxg5 57. Bb5 b3 58. Be8+ Kf6 59. Bb5 b2 60. Rf1+ Ke7 61. Bc4 Nb3+ 62. Bxb3 Rxb3 63. Rb1 h3 64. Kc4 Rb8 65. Kc3 h2 66. Kc2 Kf6 67. Rf1+ Ke5 68. Kb1 Kxe4 69. Re1+ Kxd5 70. Rd1+ Ke5 71. Rh1 g4 72. Rxh2 g3 73. Rh4 Kf5 74. Rh5+ Kf4 75. Rh7 g2 76. Rf7+ Kg3 77. Rg7+ Kf2 78. Rf7+ Kg1 79.
Rg7 Rf8 80. Rg6 Kf2 81. Kxb2 g1=Q 82. Rxd6 Qg3 83. Rd2+ Ke3 84. Rc2 Qe5+ 85. Kc1 Rf1# 0-1

[Event "Early-Titled-Tuesday-Blitz-April-02-2024"]
[Site "Chess.com"]
[Date "2024.04.02"]
[Round "10"]
[White "Aygehovit1992"]
[Black "Msb2"]
[Result "0-1"]
[WhiteElo "2860"]
[BlackElo "3029"]
[TimeControl "180+1"]
[EndTime "9:58:21 PDT"]
[Termination "Msb2 won on time"]

1. e4 e6 2. Qe2 c5 3. f4 Nc6 4. Nf3 g6 5. g3 Bg7 6. Bg2 Nge7 7.
d3 O-O 8. O-O d6 9. a4 a6 10.
Nbd2 Rb8 11. Nc4 b5 12. axb5 axb5 13. Ne3 Qb6 14. Kh1 Bb7 15. f5 exf5 16. exf5 Rbe8 17. Qf2 Nd4 18. Nh4 Nexf5 19. Nhxf5 Nxf5 20. Nxf5 gxf5 21. c3 Re6 22. Bg5 h6 23. Bh4 b4 24. Rac1 Bxg2+ 25. Kxg2 bxc3 26. bxc3 Qc6+ 27. Kh3 Re5 28. d4 Rd5 29.
Qf3 cxd4 30. cxd4 Qb5 31. Rb1 Qc4 32. Rb4 Qxb4 33. Qxd5 Qxd4 34. Rxf5 Qxd5 35. Rxd5 Re8 36. Rxd6 Re2 37. Rd7 Ra2 38. Rd5 Kh7 39. g4 Kg6 40. Bg3 Kh7 41. Rf5 Kg6 42. Rf2 Ra4 43. Rf5 Bf6 44. Rb5 Bg5 45. Rb6+ f6 46. Rb2 Rc4 47. Re2 Ra4 48. Rc2 h5 49. gxh5+ Kxh5 50. Kg2 f5 51. h3 Ra3 52. Rc8 f4 53. Rh8+ Kg6 54. Rg8+ Kf5 55. Rf8+ Ke4 56. Re8+ Kd5 57. Bf2 Bf6 58. h4 Kd6 59. h5 Ra5 60. h6 Rh5 61. Kf3 Rxh6 62.
Kxf4 Kd7 63. Re4 Be7 64. Kf3 Rf6+ 65. Rf4 Ra6 66. Rd4+ Ke6 67. Re4+ Kf7 68. Bg3 Ra3+ 69. Re3 Ra4 70. Re4 Ra2 71. Re2 Ra6 72. Re4 Bf6 73.
Bf4 Kg6 74. Be3 Ra2 75. Rg4+ Kf5 76. Rf4+ Ke6 77. Re4+ Kd5 78. Rb4 Ra3 79. Rb5+ Kc4 80. Rb1 Bg5 81. Rc1+ Kb4 82. Re1 Kb5 83. Kf2 Bh4+ 84.
Ke2 Bxe1 0-1

[Event "Early-Titled-Tuesday-Blitz-April-02-2024"]
[Site "Chess.com"]
[Date "2024.04.02"]
[Round "10"]
[White "Alexander_Donchenko"]
[Black "jumpingknight20"]
[Result "1/2-1/2"]
[WhiteElo "2890"]
[BlackElo "2715"]
[TimeControl "180+1"]
[EndTime "9:58:24 PDT"]
[Termination "Game drawn by repetition"]

1. e4 c5 2. Nf3 d6 3. Bb5+ Bd7 4. c4 Nf6 5. Nc3 g6 6. O-O Bg7 7. d4 cxd4 8. Nxd4 O-O 9. Qe2 Nc6 10.
Bxc6 bxc6 11. Rd1 Qc7 12. h3 Rab8 13. Be3 Qb7 14. Nb3 Be6 15. e5 dxe5 16. Nc5 Qxb2 17.
Qxb2 Rxb2 18. Nxe6 fxe6 19. Bxa7 Rb4 20. a4 Rxc4 21.
Ra3 Ra8 22. Be3 Nd5 23. Bd2 Nxc3 24. Bxc3 Rcxa4 25. Rb3 Ra3 26. Rdb1 Rxb3 27. Rxb3 Ra7 28. Rb8+ Kf7 29. Rc8 Ra2 30. Rc7 Rc2 31. Bb4 Bf6 32. Kf1 e4 33. Ke1 Rc4 34. Bd2 Bd4 35. Bg5 Bc5 36. Kd1 Bd6 37. Ra7 Rc5 38. Be3 Rd5+ 39.
Ke2 Rb5 40. Ra6 Rb2+ 41. Kf1 c5 42. Rc6 Rc2 43. Rc8 e5 44. Ke1 Ke6 45. Kd1 Ra2 46. Rh8 h5 47. Rg8 Kd5 48. Rxg6 c4 49. Rg8 Ra1+ 50.
Kc2 Ra2+ 51. Kd1 c3 52. Rc8 Bb4 53. g4 hxg4 54. hxg4 Ra1+ 55. Kc2 Rg1 56. g5 e6 57.
Rb8 Be7 58. Kxc3 Bxg5 59. Rg8 Bxe3 60. Rxg1 Bxf2 61. Rd1+ Bd4+ 62. Kd2 e3+ 63. Kd3 e4+ 64. Ke2 e5 65. Rb1 Ke6 66. Rb8 Kf5 67. Rf8+ Ke6 68. Rd8 Kf5 69. Rh8 Ke6 70. Rh5 Kd5 71. Rh4 Bc5 72. Kd1 Bd4 73. Rg4 Bc5 74. Ke2 Bd4 75. Rg7 Ke6 76. Rg8 Kd5 77. Rd8+ Ke6 78. Rc8 Kd5 79.
Rc7 Bc5 80. Rf7 Bd4 81. Rd7+ Ke6 82. Rb7 Kd5 83. Rb5+ Ke6 84. Rb3 Kd5 85. Rb4 Ke6 86.
Ra4 Kd5 87. Ra8 Ke6 88. Re8+ Kd5 89. Rf8 Bc5 90. Rf6 Bd4 91. Rg6 Kc5 92. Rf6 Kd5 93. Rh6 Bc5 94. Rg6 Bd4 95. Rg4 Bc5 96. Rh4 Bd4 97. Rg4 Bc5 98. Rh4 Bd4 99. Rg4 1/2-1/2

[Event "Early-Titled-Tuesday-Blitz-April-02-2024"]
[Site "Chess.com"]
[Date "2024.04.02"]
[Round "10"]
[White "Sofia_Blokhin"]
[Black "JoshuaGK27"]
[Result "0-1"]
[WhiteElo "2287"]
[BlackElo "2532"]
[TimeControl "180+1"]
[EndTime "9:58:26 PDT"]
[Termination "JoshuaGK27 won on time"]

1. d4 Nf6 2. c4 e6 3. Nc3 Bb4 4. e3 O-O 5. Bd3 d5 6. Nf3 dxc4 7.
Bxc4 c5 8. O-O cxd4 9. exd4 b6 10. Bg5 h6 11. Bh4 Bb7 12. Ne5 Nc6 13. Nf3 Rc8 14. Bd3 Be7 15. Re1 Nb4 16. Bb1 Nbd5 17. Qd3 g6 18. Qd2 Kg7 19. Ne5 Nxc3 20. bxc3 Nd5 21. Bxe7 Nxe7 22. Ng4 Ng8 23. Qd3 Qd5 24. f3 Qc4 25.
Qd2 Qxc3 26. Qxc3 Rxc3 27. Be4 Ba6 28. Ne5 Nf6 29. Bc6 Rc8 30. Ba4 b5 31. Bb3 Bb7 32. Rad1 Bd5 33. Rb1 Bxb3 34. axb3 Rd8 35. Red1 Rc7 36.
Ra1 Nd7 37. Nd3 Nf6 38. Nc5 Nd7 39. b4 Nxc5 40. dxc5 Rxd1+ 41. Rxd1 a5 42. bxa5 Rxc5 43. Ra1 Rc7 44. a6 Ra7 45. Rb1 Rxa6 46. Rxb5 Ra2 47. h3 h5 48. Kh2 Kf6 49. Kg3 Ra4 50. Kf2 Ra2+ 51. Kg3 Kg7 52. Rb7 Rd2 53. Kh2 h4 54. Rb4 g5 55. Rb5 Kg6 56. Rb4 Re2 57. f4 e5 58.
fxe5 Rxe5 59. Rb6+ Re6 60. Rb4 f5 61. Rb5 g4 62. hxg4 fxg4 63. Rb4 Kf5 64. Rb5+ Re5 65.
Rb4 Re1 66. Rb5+ Kf4 67. Rb4+ Re4 68. Rb5 Ke3 69. Rb3+ Kf2 70. Rb2+ Re2 71. Rb4 g3+ 72.
Kh3 Re1 73. Rb2+ Kg1 74. Kxh4 Re3 75. Kg4 Rd3 76. Kf4 Rc3 77. Kg4 Ra3 78. Kh3 Kf1 79. Kg4 Rc3 0-1

[Event "Early-Titled-Tuesday-Blitz-April-02-2024"]
[Site "Chess.com"]
[Date "2024.04.02"]
[Round "10"]
[White "sathvikadiga"]
[Black "ChristianArca"]
[Result "1/2-1/2"]
[WhiteElo "2579"]
[BlackElo "2667"]
[TimeControl "180+1"]
[EndTime "9:58:29 PDT"]
[Termination "Game drawn by stalemate"]

1. e4 c6 2. d4 d5 3. Nc3 dxe4 4.
Nxe4 Bf5 5. Ng3 Bg6 6. h4 h6 7.
Nf3 Nd7 8. h5 Bh7 9. Bd3 Bxd3 10. Qxd3 e6 11. Bd2 Ngf6 12. O-O-O Be7 13. Kb1 O-O 14.
Ne4 Nxe4 15. Qxe4 Nf6 16. Qe2 Qd5 17. Ne5 Qe4 18. Qxe4 Nxe4 19. Be1 Rfd8 20. f3 Nd6 21. g4 Bf6 22. Bf2 Bxe5 23. dxe5 Nc4 24. f4 b6 25. Kc1 Kf8 26. b3 Na5 27. Bh4 Rxd1+ 28. Rxd1 Ke8 29. f5 c5 30. f6 gxf6 31. Bxf6 Nc6 32.
g5 Kf8 33. g6 fxg6 34. hxg6 Ne7 35. g7+ Kf7 36. Rd7 Re8 37. Rxe7+ Rxe7 38. Bxe7 Kxg7 39.
Bf6+ Kg6 40. Kd2 Kf5 41. Ke3 Kg4 42. c4 Kg3 43. Ke2 h5 44. Kf1 Kf3 45. a3 Ke3 46. Be7 Kd4 47. b4 cxb4 48. axb4 Kxc4 49. Kg2 a5 50.
bxa5 bxa5 51. Kg3 a4 52. Kf3 Kb3 53. Kf4 a3 54. Bxa3 Kxa3 55. Kg5 Kb3 56. Kxh5 Kc4 57. Kg4 Kd5 58. Kf4 Kc4 59. Kf3 Kd3 60. Kf4 Kc3 61.
Kf3 Kd4 62. Kf4 Kc5 63. Kg5 Kc6 64. Kf4 Kd5 65. Kf3 Kc5 66. Kf4 Kb4 67. Kg5 Kc4 68.
Kf4 Kd3 69. Kf3 Kd2 70. Kf4 Kd3 71. Kf3 Kc3 72. Kf4 Kd4 73. Kf3 Kxe5 74. Ke3 Kd5 75. Kd3 Ke5 76. Ke3 Kf5 77. Kf3 e5 78. Ke3 e4 79.
Ke2 Ke5 80. Ke3 Kd5 81. Ke2 Kd4 82. Kd2 Kc5 83. Ke3 Kd5 84. Ke2 Kd4 85. Kd2 e3+ 86. Ke2 Ke4 87. Ke1 Kd4 88. Ke2 Ke4 89. Ke1 Kf3 90. Kf1 Ke4 91. Ke2 Kd4 92. Ke1 Kd3 93.
Kd1 e2+ 94. Ke1 Ke3 1/2-1/2